 Dungeon Crawl Stone Soup version 0.26.1-2-gb8aa6d0cf2 (webtiles) character file.

Game seed: 9665621102159757638

812 Gadfly the Cudgeller (level 7, -10/67 HPs)
             Began as a Troll Berserker on Feb 28, 2021.
             Was an Elder of Trog.
             Mangled by a kobold
             ... wielding a +4 whip of electrocution
              (17 damage)
             ... in a sewer.
             The game lasted 00:07:12 (3286 turns).

Gadfly the Cudgeller (Troll Berserker)              Turns: 3286, Time: 00:07:12

Health: -10/67     AC:  7    Str: 27    XL:     7   Next: 61%
Magic:  6/6        EV: 10    Int:  3    God:    Trog [****..]
Gold:   224        SH:  0    Dex: 10    Spells: 6/6 levels left

rFire    . . .     SeeInvis .   b - +1 dagger (venom)
rCold    . . .     Faith    .   (no shield)
rNeg     . . .     Spirit   .   d - +1 animal skin
rPois    .         Reflect  .   (helmet restricted)
rElec    .         Harm     .   (no cloak)
rCorr    +         Rampage  .   (gloves unavailable)
Will     +....                  (boots unavailable)
Stlth    +.........             l - amulet of regeneration
HPRegen  1.01/turn              f - ring of willpower
MPRegen  0.10/turn              p - ring of resist corrosion

@: no status effects
A: large, unfitting armour, claws 3, regeneration 1, shaggy fur 1, tough skin 3
a: Renounce Religion, Berserk, Trog's Hand, Brothers in Arms


You were in a sewer.
You worshipped Trog.
Trog was greatly pleased with you.
You visited 1 branch of the dungeon, and saw 5 of its levels.
You also visited: Sewer.

You collected 224 gold pieces.

Inventory:

Hand Weapons
 a - a +0 mace
 b - a +1 dagger of venom (weapon)
 c - a +0 dagger of draining
Armour
 d - a +1 animal skin (worn)
Jewellery
 f - a ring of willpower (left claw)
 l - an amulet of regeneration (around neck)
 p - a ring of resist corrosion (right claw)
Scrolls
 g - 4 scrolls of teleportation
 j - a scroll of blinking
 k - 2 scrolls of remove curse
 o - a scroll of fear
Potions
 e - a potion of mutation
 h - 5 potions of curing
 i - 2 potions of haste
 m - 2 potions of resistance
 n - 2 potions of heal wounds
 q - a potion of attraction


   Skills:
 + Level 3.6 Fighting
 * Level 4.5 Maces & Flails
 * Level 3.8 Armour
 - Level 2.4 Dodging
 * Level 3.3 Evocations


You had 6 spell levels left.
You didn't know any spells.
Your spell library was empty.

Dungeon Overview and Level Annotations

Branches:
Dungeon (5/15)             Temple (0/1) D:4           Sewer (1/1)

Altars:
Ashenzari
Gozag
Qazlal


Innate Abilities, Weirdness & Mutations

You are too large for most types of armour.
You have claws for hands.
Your natural rate of healing is unusually fast.
You are covered in fur. (AC +1)
You have extremely tough skin. (AC +3)


Message History

The kobold closely misses you.
You barely miss the kobold. The kobold barely misses you.
You closely miss the kobold. You hit the kobold.
You kill the kobold!
Trog accepts your kill. The kobold hits you but does no damage.
You are electrocuted!
The kobold hits you with a +4 whip of electrocution.
* * * LOW HITPOINT WARNING * * *
There is an open door here.
Items here: )) ††.
You hit the kobold but do no damage.
The kobold is poisoned.
The kobold hits you but does no damage.
You are electrocuted!
* * * LOW HITPOINT WARNING * * *
You closely miss the kobold.
The kobold is severely wounded.
The kobold hits you with a +4 whip of electrocution.
* * * LOW HITPOINT WARNING * * *
You are electrocuted!
You die...

.....≈≈≈≈≈≈≈≈....##
#...≈≈≈≈≈≈≈≈≈.....#
#...≈≈≈≈≈≈≈≈#.....#
#....≈≈≈≈≈≈≈##....#
....≈≈≈≈≈≈≈≈≈#....#
....≈≈≈≈≈≈≈≈≈.....##
#....≈≈≈≈≈≈≈≈≈.....#
#....≈≈≈≈≈≈≈≈≈≈).K.#
###'####≈#≈#≈###@###
#.).).# #≈#≈##.)...#
#.....# ≈#≈# #.....#
##...## ≈# ##...##
#.....# !...!
#..#..# #!)#!?#
####### ### ###
≈≈≈≈≈≈≈≈ ≈≈≈ ≈≈≈
≈≈≈≈≈≈≈≈≈


You could see a kobold (very poisoned).

Vanquished Creatures
  A phantom (D:4)
  A centaur (D:5)
  2 big kobolds (D:3)
  A bullfrog (D:3)
  A howler monkey (D:5)
  2 bullfrog skeletons (D:4)
  An iguana (D:4)
  4 worker ants
  A killer bee zombie (D:5)
  3 river rats (Sewer)
  A white imp (D:5)
  3 oozes
  An adder skeleton (D:4)
  7 worms
  A dart slug (D:2)
  2 leopard geckos (D:3)
  An orc (D:3)
  5 ball pythons
  10 giant cockroaches
  10 goblins
  6 hobgoblins
  7 jackals
  3 quokkas
  15 bats
  6 frilled lizards
  27 kobolds
  28 rats
150 creatures vanquished.

Notes
Turn   | Place    | Note
-------+----------+-------------------------------------------
     0 | D:1      | Gadfly the Troll Berserker began the quest for the Orb.
     0 | D:1      | Reached XP level 1. HP: 22/22 MP: 0/0
    60 | D:1      | Found a broken altar of Ashenzari.
    81 | D:1      | Reached XP level 2. HP: 11/29 MP: 1/1
   275 | D:1      | Reached skill level 1 in Armour
   297 | D:1      | Reached skill level 1 in Evocations
   297 | D:1      | Reached XP level 3. HP: 22/36 MP: 2/2
   302 | D:1      | Reached ** piety under Trog
   574 | D:2      | Reached skill level 3 in Maces & Flails
   767 | D:2      | Reached XP level 4. HP: 41/44 MP: 3/3
   769 | D:2      | Reached *** piety under Trog
  1097 | D:2      | Found an opulent altar of Gozag.
  1397 | D:3      | Noticed a bullfrog
  1410 | D:3      | Killed a bullfrog
  1411 | D:3      | Reached XP level 5. HP: 32/52 MP: 4/4
  1508 | D:3      | Reached XP level 6. HP: 49/61 MP: 5/5
  1667 | D:3      | Found a stormy altar of Qazlal.
  2184 | D:4      | Found a staircase to the Ecumenical Temple.
  2273 | D:4      | Reached XP level 7. HP: 66/67 MP: 6/6
  2428 | D:4      | Reached **** piety under Trog
  2461 | D:4      | Reached skill level 4 in Maces & Flails
  2638 | D:5      | Entered Level 5 of the Dungeon
  3018 | D:5      | Found a glowing drain.
  3022 | Sewer    | Entered a sewer
  3286 | Sewer    | Mangled by a kobold

Illustrated notes

Levels and vault maps discovered:
D:1:      onia_arrival_handbag, layout_rooms, ashenzari_altar_1
D:2:      layout_basic, grunt_gozag_breadcrumbs
D:3:      cheibrodos_thug_alley, layout_loops_cross,
          nicolae_qazlal_eye_of_the_storm, gammafunk_ghost_nasty_kobolds,
          hangedman_decor_peaks_small
D:4:      wad_pebble_path, layout_cave_pools, minmay_temple_entry_ruins,
          kennysheep_donut
D:5:      layout_gridville, gup_sewer_entry_spiral, guppyfry_shop_venom
Sewer:    sewer_minmay_treatment

Skill      XL: |  1  2  3  4  5  6  7 |
---------------+----------------------+-----
Armour         | 1 2 3 |  3.8
Evocations     | 1 2 3 |  3.3
Maces & Flails | 3 4 |  4.5
Fighting       | 3 |  3.6
Dodging        | |  2.4

Action                   |  1- 3 |  4- 6 |  7- 9 || total
-------------------------+-------+-------+-------++-------
Melee: Mace              |   154 |   210 |    99 ||   463
       Dagger            |       |       |    81 ||    81
Invok: Berserk           |     2 |     1 |       ||     3
  Use: Scroll            |     9 |     4 |     1 ||    14
Armor: Animal skin       |    83 |    70 |    74 ||   227
Dodge: Dodged            |   133 |   101 |   109 ||   343
